 Dungeon Crawl Stone Soup version 0.17.1-2-g5865329 (webtiles) character file.

39 Jerry the Sneak (level 3, -2/21 HPs)
             Began as an Octopode Wizard on Jan 29, 2016.
             Slain by a quokka (4 damage)
             ... on level 2 of the Dungeon.
             The game lasted 00:08:31 (1674 turns).

Jerry the Sneak (Octopode Wizard)                   Turns: 1674, Time: 00:08:32

Health: -2/21      AC:  1    Str:  6      XL:     3   Next: 47%
Magic:  0/7        EV: 12    Int: 19 (21) God:
Gold:   94         SH:  0    Dex: 10      Spells: 1 memorised, 7 levels left

rFire  . . .     SeeInvis .     (no weapon)
rCold  . . .     Clarity  .     (no shield)
rNeg   . . .     SustAt   .     a - +0 hat
rPois  .         Gourm    .     (no amulet)
rElec  .         Spirit   .     (no ring)
rCorr  .         Warding  .     (no ring)
rMut   .         Stasis   .     (no ring)
MR     .....                    (no ring)
Stlth  +++.......               (no ring)
                                (no ring)
                                (no ring)
                                (no ring)

@: lethally poisoned (-2 -> -6), not resistant to hostile enchantments, fairly
stealthy
A: almost no armour, amphibious, 8 rings, constrict 8, camouflage 1, gelatinous
body 1
a: no special abilities


You were on level 2 of the Dungeon.
You were not hungry.

You visited 1 branch of the dungeon, and saw 2 of its levels.

You collected 94 gold pieces.

Inventory:

Armour
 a - a +0 hat (worn)
Jewellery
 j - an uncursed ring of sustain attributes {unknown}
Scrolls
 d - a scroll of remove curse {unknown}
 e - a scroll of blinking {unknown}
 f - a scroll of teleportation {unknown}
 h - a scroll of recharging {unknown}
 i - a scroll of identify {unknown}
Books
 b - a book of Minor Magic

   Spells                             Type                      Level
   a - Magic Dart                     Conjuration                  1
   b - Blink                          Translocation                2
   c - Call Imp                       Summoning                    2
   d - Repel Missiles                 Charms/Air                   2
   e - Slow                           Hexes                        2
   f - Conjure Flame                  Conjuration/Fire             3
   g - Mephitic Cloud                 Conjuration/Poison/Air       3
Comestibles
 c - a bread ration
 k - a meat ration


   Skills:
 + Level 2.3 Dodging
 + Level 3.4 Stealth
 + Level 3.3 Spellcasting
 + Level 2.0 Conjurations
   Level 1.0 Summonings
   Level 1.0 Translocations


You had 7 spell levels left.
You knew the following spells:

 Your Spells              Type           Power        Failure   Level  Hunger
a - Magic Dart            Conj           ##..         10%         1    None


Dungeon Overview and Level Annotations

Branches:
Dungeon (2/15)

Altars:


Innate Abilities, Weirdness & Mutations

You cannot wear most types of armour.
You are amphibious.
You can wear up to eight rings at the same time.
You can use your tentacles to constrict eight enemies at once.
Your skin changes colour to match your surroundings (Stealth).
Your rubbery body absorbs attacks (AC +1).


Message History

There was something very wrong with that liquid.
You feel dopey. The quokka misses you.
Drink which item? (? for menu, Esc to quit)
It was a potion of cancellation.
Your magical contamination has completely faded away.
You feel magically purged.
* * * LOW HITPOINT WARNING * * *
You feel sick. The quokka closely misses you.
You closely miss the quokka. You grab the quokka.
The quokka is heavily wounded.
You constrict the quokka, but do no damage.
The quokka bites you.
* * * LOW HITPOINT WARNING * * *
You tentacle-slap the quokka but do no damage.
The quokka is heavily wounded.
You constrict the quokka.
* * * LOW HITPOINT WARNING * * *
You feel sick. The quokka bites you.
You die...

## ### #### #.. ..
####.. .. #. .....#
#.#.##### ####.#
#.##.......# .....#
#..)..>@##.# #....#
#..###.r##.##### #.##.##
............# . ......#
<.....##.###.### ..
####.<#
....).#.##.#.....####...
####..#
........##.#.#.#........
......#
......#.##.#.#..........
#####.#
......#.##.#.###........
#...# #.#.....####...


You could see a quokka.

Vanquished Creatures
  2 adders (D:2)
  An ooze (D:2)
  3 giant cockroaches (D:1)
  2 hobgoblins (D:1)
  3 kobolds
  4 bats
  2 giant newts (D:1)
  2 rats
19 creatures vanquished.

Notes
Turn   | Place    | Note
--------------------------------------------------------------
     0 | D:1      | Jerry the Octopode Wizard began the quest for the Orb.
     0 | D:1      | Reached XP level 1. HP: 11/11 MP: 4/4
   224 | D:1      | Reached XP level 2. HP: 12/17 MP: 0/6
  1446 | D:2      | Reached XP level 3. HP: 6/21 MP: 0/7
  1674 | D:2      | Slain by a quokka

Action                   || total
-------------------------++-------
Melee: Unarmed           ||    19
 Cast: Magic Dart        ||    47
  Use: Potion            ||     2
  Eat: Chunk             ||     2
